Description

fef

Replay - 2 - 2000 Atmospheres LE

Build Order

Get SALT Encoding   

  12  0:00  SCV  
  13  0:12  SCV  
  14  0:17  Supply Depot  
  14  0:24  SCV  
  15  0:39  SCV  
  15  0:40  Barracks  
  16  0:45  Refinery  
  16  0:56  Barracks  
  16  1:01  SCV  
  17  1:13  SCV  
  17  1:14  Refinery  
  18  1:27  Reaper  
  18  1:28  Orbital Command  
  19  1:39  Supply Depot  
  19  1:43  Reaper  
  20  1:53  SCV  
  21  2:00  Reaper  
  22  2:06  SCV  
  23  2:11  Factory  
  23  2:18  SCV  
  23  2:19  Reaper  
  25  2:26  Supply Depot  
  25  2:31  SCV  
  25  2:34  Reaper  
  27  2:52  Reaper  
  27  2:57  Hellion  
  31  3:10  Command Center  
  33  3:20  Factory Tech Lab  
  33  3:22  Barracks Reactor  
  32  3:27  Starport  
  33  3:37  Supply Depot  
  33  3:42  Siege Tank  
  37  3:59  Marine x2  
  40  4:04  Medivac  
  40  4:08  Refinery  
  40  4:19  Marine x2  
  41  4:28  Cyclone  
  46  4:46  Orbital Command  
  46  4:48  Marine x2, Starport Tech Lab  
  49  5:05  Siege Tank  
  49  5:06  Marine x2  
  54  5:11  Raven  
  58  5:25  Supply Depot  
  58  5:32  Marine  
  59  5:42  Marine  
  55  5:45  Siege Tank  
  66  6:18  Command Center  
Spawning Tool Build Advisor. Get it on Overwolf

Go to:

Details

  • Created by: lucahecker
  • Published on: Nov 07, 2021
  • Modified on: Nov 07, 2021
  • Patch: 4.11.0
  • Difficulty: Hard
Show
View Real Time Build Order
Export as new Build Order

Comments (0)

There are no comments. Be the first!

Create an account to comment!